AoeStats
← pichevskij

Arabian Desert

510073070Analyzed
1v1 RM · 2d ago on Sep 29, 2026· 41m 39s· 2 players
Game mode
Random Map
Map size
Tiny (2 player)
Population
200
Speed
Normal
Resources
Standard
Victory
Conquest
Starting age
Dark Age
Ending age
Imperial Age
RankedLock teamsTeams togetherTeam positionsShared explorationLock speedFull tech treeHidden civsTurbo modeCheats
Victory
Defeat
🇨🇳 Magyars · China
814
+18
🇪🇸 Koreans · Spain
863
-18
pichevskij
11:45 Feudal Age
10:01 Loom
12:57 Double-Bit Axe
17:06 Horse Collar
23:22 Castle Age
23:57 Pikeman
25:06 Elite Skirmisher
28:55 Wheelbarrow
28:08 Town Watch
30:08 Fletching
31:01 Squires
31:09 Scale Mail Armor
34:11 Bow Saw
35:34 Ballistics
35:49 Masonry
42:27 Imperial Age
THELASTPIG
9:51 Feudal Age
10:34 Double-Bit Axe
11:31 Horse Collar
22:02 Castle Age
21:02 Fletching
21:23 Scale Barding Armor
21:18 Padded Archer Armor
23:02 Gold Mining
23:34 Chain Barding Armor
23:28 Bloodlines
24:10 Husbandry
25:20 Bow Saw
25:16 Crossbowman
26:01 Thumb Ring
29:31 Gold Shaft Mining
36:18 Imperial Age
35:47 Thumb Ring
36:40 Cavalier
38:27 Wheelbarrow
41:51 Two-Man Saw
Connection lost

Rejoining the realm…

Still unreachable

The connection could not be restored.

Session expired

The server has moved on; the page needs a fresh start.